 Dungeon Crawl Stone Soup version 0.32-a0-893-gf85d74f360 (webtiles) character file.

Game seed: 10855362657960944048

53 Autsider the Digger (level 3, -4/20 HPs)
             Began as a Gargoyle Earth Elementalist on Apr 3, 2024.
             Killed by divine providence
             ... invoked by an orc priest
              (16 damage)
             ... on level 2 of the Dungeon.
             The game lasted 00:04:41 (1589 turns).

Autsider the Digger (Gargoyle Earth Elementalist)   Turns: 1589, Time: 00:04:41

Health: -4/20      AC:  5    Str: 11    XL:     3   Next: 89%
Magic:  1/6        EV: 11    Int: 17    God:
Gold:   156        SH:  0    Dex: 10    Spells: 2/6 levels left

rFire   . . .        f - staff of alchemy
rCold   . . .        (no shield)
rNeg    + . .        a - +0 robe
rPois   ∞            (no helmet)
rElec   +            (no cloak)
rCorr   .            (no gloves)
SInv    .            (no boots)
Will    .....        (no amulet)
Stlth   ++           (no ring)
HPRegen 0.23/turn    (no ring)
MPRegen 0.10/turn

%: no passive effects
@: very slightly contaminated
A: sickness immunity, AC +3, negative energy resistance 1, electricity
resistance, torment resistance 1, petrification resistance
a: Convert to Beogh


You were on level 2 of the Dungeon.
You visited 1 branch of the dungeon, and saw 3 of its levels.

You collected 156 gold pieces.

Inventory:

Armour
 a - a +0 robe (worn)
Magical Staves
 d - a staff of air
 f - a staff of alchemy (weapon)
Scrolls
 c - 2 scrolls of identify {unknown}
 e - a scroll of teleportation {unknown}
 i - a scroll of noise {unknown}
 k - a scroll of poison {unknown}
 l - a scroll of summoning {unknown}
 m - a scroll of fog {unknown}
Potions
 b - a potion of magic
 g - 2 potions of curing {unknown}
 h - a potion of lignification {unknown}
 j - a potion of might {unknown}


   Skills:
 + Level 1.4 Fighting
 - Level 1.5 Dodging
 - Level 2.1 Stealth
 + Level 2.4 Spellcasting
 + Level 2.0 Conjurations
 * Level 4.5 Earth Magic


You had 2 spell levels left.
You knew the following spells:

 Your Spells              Type           Power      Damage    Failure   Level
a - Sandblast             Erth           34%        2d9       3%          1
b - Stone Arrow           Conj/Erth      26%        3d8       14%         3

Your spell library contained the following spells:

 Spells                   Type           Power      Damage    Failure   Level
 Passwall                 Erth           17%        N/A       9%          3
 Hailstorm                Conj/Ice       5%         3d5       36%         3
 Brom's Barrelling Bould  Conj/Erth      13%        2d4       43%         4
 Summon Ice Beast         Ice/Summ       2%         N/A       50%         3
 Petrify                  Alch/Erth      14%        N/A       58%         4
 Permafrost Eruption      Ice/Erth       4%         2x4d2     100%        6
 Sculpt Simulacrum        Ice/Alch       1%         N/A       100%        6


Dungeon Overview and Level Annotations

Branches:
Dungeon (3/15)

Altars:


Innate Abilities, Weirdness & Mutations

You are immune to sickness and miasma.
Your stone body is resilient. (AC +3)
You are immune to poison.
You resist negative energy. (rN+)
You are resistant to electric shocks. (rElec)
You are resistant to unholy torment.
You are immune to petrification.


Message History

An orc comes into view. It is wielding a +0 mace of protection.
An orc comes into view. It is wielding a +0 dagger.
Your Conjurations skill increases to level 2!
The orc shouts!
The orc priest hits you but does no damage.
The endoplasm hits you but does no damage.
You climb upwards.
There is a stone staircase leading down here.
You closely miss the orc priest.
The orc priest hits you but does no damage.
The endoplasm barely misses you.
You closely miss the orc priest.
The orc priest hits you but does no damage.
The endoplasm freezes you.
You are frozen.
Casting: Sandblast (safe; 3% risk of failure)
Confirm with . or Enter, or press ? or * to list all spells.
Aiming: Sandblast (safe; 3% risk of failure)
Press: ? - help, Shift-Dir - straight line, f - orc priest
Aim: an orc priest, wielding a +0 whip (82% to hit)
The blast of sand hits the orc priest.
The orc priest is lightly wounded.
The orc priest misses you. The endoplasm freezes you.
You are frozen.
* * * LOW HITPOINT WARNING * * *
The orc priest shouts, "Beogh offers mercy even to people such as you.
Join us and be reborn!" (press Y on the ability menu to convert to Beogh)
Casting: Sandblast (safe; 3% risk of failure)
Confirm with . or Enter, or press ? or * to list all spells.
Aiming: Sandblast (safe; 3% risk of failure)
Press: ? - help, Shift-Dir - straight line, f/p - orc priest
Aim: an orc priest, wielding a +0 whip (lightly wounded, 82% to hit)
You miscast Sandblast.
You are very lightly contaminated with residual magic.
Nothing appears to happen.
The orc priest invokes the aid of Beogh against you.
Beogh smites you!
Ouch! That really hurt!
You die...

########### #.........##
#######.......♣..♣
##########@o.....÷....P~~~~
#........J....######.♣~~~~~
#...............#####.~~~≈≈
#..###.....##........♣~♣~~~
#....####ß###.#.#####.P~÷.~
#..#..#.###.#.#.# #..♣.~.
#..##..###..#.#.# ###..P.
#..##.....)..))<# ####.
##.###......#÷#.# ##


You could see an orc priest and an endoplasm.

Vanquished Creatures
  A dart slug (D:1)
  4 orcs
  3 ball pythons
  An endoplasm (D:2)
  2 giant cockroaches
  4 goblins
  6 hobgoblins
  7 jackals (D:1)
  3 bats
  3 frilled lizards
  4 kobolds
  4 rats
42 creatures vanquished.

Notes
Turn   | Place    | Note
-------+----------+-------------------------------------------
     0 | D:1      | Autsider the Gargoyle Earth Elementalist began the quest
                  | for the Orb.
     0 | D:1      | Reached XP level 1. HP: 10/10 MP: 3/3
   197 | D:1      | Reached XP level 2. HP: 16/16 MP: 3/5
   304 | D:1      | Reached skill level 4 in Earth Magic
   480 | D:1      | Reached skill level 1 in Fighting
   491 | D:1      | Reached XP level 3. HP: 18/20 MP: 0/6
   832 | D:1      | Learned a level 3 spell: Stone Arrow
  1350 | D:2      | Found a faded altar of an unknown god.
  1589 | D:2      | Killed from afar by an orc priest

Illustrated notes

Levels and vault maps discovered:
D:1:      heliophobic_arrival_henge, layout_loops_cross
D:2:      layout_basic, hellmonk_ecumenical_altar_inner_sanctum,
          serial_bayou_pond_b, guppyfry_early_orc_mine
D:3:      layout_rooms, nicolae_overflow_hidden_temple,
          nicolae_kite_square_tiling_tiny

Skill      XL: |  1  2  3 |
---------------+----------+-----
Earth Magic    | 4 |  4.5
Fighting       | 1 |  1.4
Conjurations   | 2 |  2.0
Dodging        | |  1.5
Stealth        | |  2.1
Spellcasting   | |  2.4

Action                     || total
---------------------------++-------
  Melee: Staff             ||    46
         Unarmed           ||     1
   Cast: Sandblast         ||    52
 Armour: Robe              ||    35
  Dodge: Dodged            ||    49

Table legend: (Time is in decaauts)
 A = Elapsed time spent in this place.
 B = Non-inter-level travel time spent in this place.
 C = Inter-level travel time spent in this place.
 D = Time resting spent in this place.
 E = Time spent auto-exploring this place.
 F = Levels seen in this place.
 G = Mean time per level.
                   A        B        C        D        E       F      G
               +--------+--------+--------+--------+--------+-----+--------+
         Total |   1624 |   1565 |     59 |     14 |   1273 |   3 |  541.3 |
       Dungeon |   1624 |   1565 |     59 |     14 |   1273 |   3 |  541.3 |
               +--------+--------+--------+--------+--------+-----+--------+

Top non-repeatable levels by time:
     D:1: 972 daAuts
     D:2: 640 daAuts
     D:3: 11 daAuts
